 Dungeon Crawl Stone Soup version 0.23.1 (webtiles) character file.

Game seed: 3644007203954918926

107 nuthulu the Poker (level 4, 0/35 HPs)
             Began as a Demonspawn Gladiator on Mar 11, 2019.
             Slain by a river rat (3 damage)
             ... on level 3 of the Dungeon.
             The game lasted 00:04:00 (2062 turns).

nuthulu the Poker (Demonspawn Gladiator)            Turns: 2062, Time: 00:04:00

Health: 0/35       AC:  5    Str: 13 (15) XL:     4   Next: 57%
Magic:  4/4        EV: 15    Int:  8 (10) God:
Gold:   125        SH:  0    Dex: 18 (19) Spells: 3/3 levels left

rFire    . . .     SeeInvis .   a - +0 trident
rCold    . . .     Gourm    .   (no shield)
rNeg     . . .     Faith    .   b - +0 leather armour
rPois    .         Spirit   .   c - +0 helmet
rElec    .         Reflect  .   m - scarf {repulsion}
rCorr    .         Harm     .   (no gloves)
MR       .....                  (no boots)
Stlth    ++........             (no amulet)
HPRegen  0.11/turn              (no ring)
MPRegen  0.09/turn              (no ring)

@: agile, hasted, constricted, repel missiles, very quick
A: rugged brown scales 1, powered by pain 1
a: no special abilities


You were on level 3 of the Dungeon.
You were hungry.

You visited 1 branch of the dungeon, and saw 3 of its levels.

You collected 125 gold pieces.

Inventory:

Hand Weapons
 a - a +0 trident (weapon)
Missiles
 d - 3 throwing nets (quivered)
Armour
 b - a +0 leather armour (worn)
 c - a +0 helmet (worn)
 m - a scarf of repulsion (worn)
Scrolls
 g - a scroll of amnesia {unknown}
 h - a scroll of blinking
 i - 2 scrolls of immolation
 o - a scroll of remove curse
 q - a scroll of teleportation
Potions
 e - a potion of brilliance
Comestibles
 f - 7 rations


   Skills:
 + Level 2.9 Fighting
 * Level 4.0 Polearms
 - Level 1.7 Throwing
 + Level 3.3 Dodging


You had 3 spell levels left.
You didn't know any spells.
Your spell library was empty.

Dungeon Overview and Level Annotations

Branches:
Dungeon (3/15)

Altars:
Gozag
Uskayaw

Portals:
Sewer: D:3


Innate Abilities, Weirdness & Mutations

You are partially covered in rugged brown scales. (AC +1, +3% HP)
You sometimes gain a little power by taking damage.


Message History

The ball python closely misses you.
* * * LOW HITPOINT WARNING * * *
The ball python constricts you.
Unknown command.
You hit the river rat.
The river rat is lightly wounded.
The giant cockroach misses you. The river rat bites you.
* * * LOW HITPOINT WARNING * * *
The ball python barely misses you. The ball python constricts you.
You puncture the giant cockroach!
You kill the giant cockroach!
Your Polearms skill increases to level 4!
The giant cockroach waves its antennae.
The river rat closely misses you.
Unknown command.
You hit the giant cockroach.
You kill the giant cockroach!
The ball python bites you but does no damage.
The ball python constricts you. The river rat bites you.
You die...

. .## ..#
#### #..
.#≈≈≈≈#.####
.#≈≈≈≈#....
#≈∩≈≈#..#
#≈≈≈w'Sr#
#≈≈≈≈#r@#
#### #..#
....#
#.....#
.......#
###.##### #[
#


You could see a worm, 2 river rats and a ball python.

Vanquished Creatures
  Jessica (D:2)
  2 adders
  An ooze (D:1)
  3 dart slugs
  A leopard gecko (D:1)
  5 giant cockroaches
  3 goblins (D:1)
  5 hobgoblins
  3 jackals (D:1)
  7 kobolds
  5 ball pythons
  7 bats
  6 frilled lizards
  4 rats (D:1)
53 creatures vanquished.

Notes
Turn   | Place    | Note
-------+----------+-------------------------------------------
     0 | D:1      | nuthulu the Demonspawn Gladiator began the quest for the
                  | Orb.
     0 | D:1      | Reached XP level 1. HP: 16/16 MP: 1/1
   230 | D:1      | Reached skill level 3 in Polearms
   230 | D:1      | Gained mutation: You sometimes gain a little power by
                  | taking damage. [demonic ancestry]
   230 | D:1      | Reached XP level 2. HP: 22/22 MP: 2/2
   689 | D:1      | Gained mutation: You are partially covered in rugged brown
                  | scales. (AC +1, +3% HP) [demonic ancestry]
   689 | D:1      | Reached XP level 3. HP: 23/28 MP: 3/3
  1224 | D:2      | Noticed Jessica
  1229 | D:2      | Killed Jessica
  1229 | D:2      | Reached XP level 4. HP: 35/35 MP: 4/4
  1370 | D:2      | Found an opulent altar of Gozag.
  1409 | D:2      | Noticed a +0 hand axe
  1410 | D:2      | Noticed a +0 dagger
  1413 | D:2      | Found a hide-covered altar of Uskayaw.
  2041 | D:3      | Found a glowing drain.
  2061 | D:3      | Reached skill level 4 in Polearms
  2062 | D:3      | Slain by a river rat

Skill      XL: |  1  2  3  4 |
---------------+-------------+-----
Polearms       | 3 4 |  4.0
Dodging        | 3 |  3.3
Fighting       | |  2.9
Throwing       | |  1.7

Action                   |  1- 3 |  4- 6 || total
-------------------------+-------+-------++-------
Melee: Trident           |   104 |    69 ||   173
  Use: Scroll            |     4 |     4 ||     8
       Potion            |       |     4 ||     4
 Stab: Sleeping          |     1 |     1 ||     2
  Eat: Chunk             |     1 |     2 ||     3
Armor: Leather armour    |    27 |    35 ||    62
Dodge: Dodged            |    85 |    77 ||   162
